 Dungeon Crawl Stone Soup version 0.25.0-11-g1f837a76a1 (webtiles) character file.

Game seed: 14855824615205381191

3562 Flugkiller the Nimble (level 10, -9/64 HPs)
             Began as a Tengu Assassin on June 25, 2020.
             Was a Believer of Wu Jian.
             Mangled by a polar bear (23 damage)
             ... on level 8 of the Dungeon.
             The game lasted 00:11:01 (9761 turns).

Flugkiller the Nimble (Tengu Assassin)              Turns: 9761, Time: 00:11:02

Health: -9/64      AC: 11    Str: 14    XL:     10   Next: 9%
Magic:  11/11      EV: 12    Int: 11    God:    Wu Jian [**....]
Gold:   557        SH: 10    Dex: 17    Spells: 9/9 levels left

rFire    . . .     SeeInvis .   e - +1 broad axe "Banisher" {vorpal, rC+ rN+} (curse)
rCold    + . .     Gourm    .   s - +0 buckler
rNeg     + . .     Faith    .   x - +0 chain mail
rPois    .         Spirit   .   (helmet restricted)
rElec    .         Reflect  +   a - +0 cloak {Stlth+}
rCorr    .         Harm     .   (no gloves)
MR       +....     Rnd*Tele +   (boots unavailable)
Stlth    ..........             y - amulet of reflection
HPRegen  0.20/turn              p - ring of teleportation (curse)
MPRegen  0.12/turn              q - ring of protection from magic

@: flying quickly and evasively, quick
A: beak, talons 3, able to fly
a: Stop Flying, Wall Jump, Renounce Religion


You were on level 8 of the Dungeon.
You worshipped Wu Jian.
Wu Jian was pleased with you.
You were not hungry.

You visited 2 branches of the dungeon, and saw 9 of its levels.

You collected 807 gold pieces.
You spent 250 gold pieces at shops.

Inventory:

Hand Weapons
 e - the cursed +1 broad axe "Banisher" (weapon) {vorpal, rC+ rN+}
   (You found it on level 7 of the Dungeon)

   It inflicts extra damage upon your enemies.
   It protects you from cold.
   It protects you from negative energy.
   It has a curse placed upon it.
 r - a +4 dagger
   (You took it off an orc wizard on level 4 of the Dungeon)
Missiles
 d - 23 poisoned darts (quivered)
Armour
 a - a +0 cloak of stealth (worn)
   (You took it off Crazy Yiuf on level 7 of the Dungeon)
 s - a +0 buckler (worn)
   (You found it on level 3 of the Dungeon)
 x - a +0 chain mail (worn)
   (You took it off an orc on level 4 of the Dungeon)
Jewellery
 p - a cursed ring of teleportation (left hand)
   (You found it on level 1 of the Dungeon)
 q - a ring of protection from magic (right hand)
   (You found it on level 2 of the Dungeon)
 y - an amulet of reflection (around neck)
   (You found it on level 6 of the Dungeon)
Wands
 B - a wand of paralysis (3)
   (You found it on level 6 of the Dungeon)
Scrolls
 c - a scroll of enchant weapon
 h - 4 scrolls of magic mapping
 o - 2 scrolls of blinking
 v - 2 scrolls of fear
 A - 3 scrolls of teleportation
Potions
 g - a potion of might {unknown}
 i - a potion of resistance
 j - a potion of stabbing {unknown}
 k - a potion of cancellation
 l - 4 potions of haste
 m - a potion of ambrosia {unknown}
 n - 2 potions of degeneration {unknown}
 t - 2 potions of invisibility
 w - 2 potions of curing
 z - 2 potions of heal wounds {unknown}
Comestibles
 b - 4 chunks of flesh
 f - 6 rations


   Skills:
 - Level 8.0 Fighting
 - Level 5.0 Short Blades
 + Level 4.9 Axes
 - Level 2.0 Throwing
 - Level 6.0 Armour
 - Level 8.0 Dodging
 - Level 4.0 Stealth
 - Level 4.0 Shields


You had 9 spell levels left.
You didn't know any spells.
Your spell library contained the following spells:

 Spells                   Type           Power        Failure   Level  Hunger
 Animate Skeleton         Necr           N/A          100%        1    ##.....
 Apportation              Tloc           #.....       100%        1    ##.....
 Corona                   Hex            #......      100%        1    ##.....
 Magic Dart               Conj           #...         100%        1    ##.....
 Shock                    Conj/Air       #...         100%        1    ##.....
 Summon Small Mammal      Summ           #...         100%        1    ##.....
 Blink                    Tloc           N/A          100%        2    ###....
 Call Imp                 Summ           #.......     100%        2    ###....
 Slow                     Hex            #.......     100%        2    ###....
 Swiftness                Chrm/Air       #.......     100%        2    ###....
 Conjure Flame            Conj/Fire      #.......     100%        3    ####...
 Mephitic Cloud           Conj/Pois/Air  #.......     100%        3    ####...
 Static Discharge         Conj/Air       #.......     100%        3    ####...
 Airstrike                Air            #.........   100%        4    #####..
 Lightning Bolt           Conj/Air       #.........   100%        5    ######.


Dungeon Overview and Level Annotations

Branches:
Dungeon (8/15)             Temple (1/1) D:4
   Lair: D:8-11

Altars:
Ashenzari
Cheibriados
Dithmenos
Elyvilon
Fedhas
Gozag
Hepliaklqana
Kikubaaqudgha
Makhleb
Nemelex Xobeh
Okawaru
Ru
Sif Muna
Trog
Uskayaw
Vehumet
Wu Jian
Xom
Yredelemnul
Zin
The Shining One

Shops:
D:4 !*}   D:5 !   D:6 (

Annotations:
D:3 3 runed translucent doors, nebnoj's ghost, weakling OgHu


Innate Abilities, Weirdness & Mutations

You have a beak for a mouth.
You have claws for feet.
You can fly continuously.


Message History

The centaur wields a +0 shortbow.
The centaur shoots an arrow.
You reflect the arrow off an invisible shield around you!
The arrow hits the polar bear!
You slash the polar bear! Your peck misses the polar bear.
The polar bear is almost dead.
The centaur shoots an arrow.
The arrow hits you!
The polar bear goes berserk!
The centaur shoots an arrow.
The arrow hits you.
The polar bear barely misses you. x2; You block the polar bear's attack.
You are too injured to fight recklessly!
You are too injured to fight recklessly!
You spin and attack the polar bear.
Your chain mail prevents you from hitting the polar bear.
You claw the polar bear.
The polar bear is almost dead.
The centaur unwields a +0 shortbow.
The centaur barely misses you. The polar bear bites you!
* * * LOW HITPOINT WARNING * * *
The polar bear misses you. The polar bear barely misses you.
You slash the centaur! You claw the centaur.
You peck the centaur, but do no damage.
The centaur is heavily wounded.
You barely miss the polar bear. You block the polar bear's attack.
The polar bear claws you but does no damage.
The polar bear barely misses you. You block the centaur's attack.
The polar bear bites you.
* * * LOW HITPOINT WARNING * * *
You block the polar bear's attack. The polar bear claws you.
* * * LOW HITPOINT WARNING * * *
The centaur hits you but does no damage.
You spin to attack the polar bear, but your attack speed is too slow for a blow to land.
You spin and attack the centaur.
You slash the centaur!
You kill the centaur!
The Council accepts your kill.
Training target 6.0 for Armour reached!
Your Armour skill increases to level 6!
The polar bear misses you. The polar bear claws you.
* * * LOW HITPOINT WARNING * * *
You block the polar bear's attack. x2; The polar bear claws you.
* * * LOW HITPOINT WARNING * * *
You block the polar bear's attack.
You spin and attack the yak.
You slash the yak! You claw the yak.
The yak is moderately wounded.
Unknown command.
There is a blossoming altar of Fedhas here.
Unknown command.
Press < or > to pray at altars.
The polar bear rages.
Unknown command.
The polar bear bites you!!
You die...

##. ... #..
#..
#..#######
#...)....#
#..#......#
.#
#.._8_h###..#
##....Y@...#
#......#.##
##.....# #
#######


You could see a polar bear (berserk) and a yak.

Vanquished Creatures
  A hungry ghost (D:6)
  Duvessa (D:6)
  4 orc warriors
  A black bear (D:8)
  5 ogres
  A phantom (D:6)
  2 centaurs
  Blork the orc (D:5)
  2 bullfrogs
  Dowan (D:6)
  A scorpion (D:7)
  A howler monkey (D:6)
  8 wights (D:7)
  A jelly (D:6)
  6 crimson imps
  A bullfrog zombie (D:7)
  A quasit (D:6)
  2 centaur zombies
  5 orc priests
  3 hounds
  9 orc wizards
  Crazy Yiuf (D:7)
  2 bullfrog skeletons (D:7)
  2 centaur skeletons
  Jessica (D:2)
  3 iguanas
  Ijyb (D:4)
  3 worker ants
  2 hound zombies
  A hound skeleton (D:4)
  Robin (D:4)
  4 gnolls (D:6)
  A howler monkey skeleton (D:5)
  8 adders
  A shadow imp (D:7)
  A howler monkey simulacrum (D:8)
  An ooze (D:7)
  An adder zombie (D:6)
  2 adder skeletons
  2 worms
  4 dart slugs
  A leopard gecko (D:1)
  23 orcs
  2 ball pythons
  4 bats (D:1)
  6 giant cockroaches
  12 goblins
  8 hobgoblins
  12 jackals
  A kobold (D:1)
  A quokka (D:5)
  3 frilled lizards
  A quokka zombie (D:5)
  5 rats
178 creatures vanquished.

Notes
Turn   | Place    | Note
-------+----------+-------------------------------------------
     0 | D:1      | Flugkiller the Tengu Assassin began the quest for the Orb.
     0 | D:1      | Reached XP level 1. HP: 12/12 MP: 2/2
   151 | D:1      | Reached XP level 2. HP: 18/18 MP: 3/3
   475 | D:1      | Reached XP level 3. HP: 22/22 MP: 4/4
  1012 | D:2      | Noticed Jessica
  1020 | D:2      | Killed Jessica
  1020 | D:2      | Reached XP level 4. HP: 24/28 MP: 5/5
  1725 | D:3      | Gained mutation: You can fly continuously. [Tengu growth]
  1725 | D:3      | Reached XP level 5. HP: 33/33 MP: 6/6
  1835 | D:3      | Noticed nebnoj's ghost (weakling OgHu)
  1843 | D:3      | Found a runed translucent gate.
  1843 | D:3      | Found a runed translucent gate.
  1845 | D:3      | Found a runed translucent gate.
  1867 | D:3      | Found a shimmering blue altar of Sif Muna.
  2193 | D:4      | Found Fippix's Gadget Emporium.
  2194 | D:4      | Noticed Ijyb
  2198 | D:4      | Killed Ijyb
  2199 | D:4      | Noticed Robin
  2214 | D:4      | Found a staircase to the Ecumenical Temple.
  2222 | Temple   | Entered the Ecumenical Temple
  2548 | Temple   | Became a worshipper of the Wu Jian Council
  2772 | D:4      | Reached XP level 6. HP: 9/39 MP: 7/7
  2792 | D:4      | Killed Robin
  2795 | D:4      | Reached * piety under Wu Jian
  2796 | D:4      | HP: 1/58 [ogre/+0 giant club (11)]
  2798 | D:4      | Reached skill level 5 in Fighting
  2798 | D:4      | Reached skill level 5 in Dodging
  3164 | D:4      | Found Viofum's General Store.
  3414 | D:4      | Reached XP level 7. HP: 23/44 MP: 8/8
  3823 | D:4      | Found Pudwaler's Distillery.
  3831 | D:4      | Bought a potion of cancellation for 112 gold pieces
  3831 | D:4      | Bought a potion of curing for 42 gold pieces
  3873 | D:5      | Entered Level 5 of the Dungeon
  3873 | D:5      | Found Neurea's Distillery.
  3887 | D:5      | Bought a potion of invisibility for 96 gold pieces
  4793 | D:5      | Reached XP level 8. HP: 27/51 MP: 9/9
  4961 | D:5      | Noticed Blork the orc
  4973 | D:5      | Killed Blork the orc
  5320 | D:5      | Found a sparkling altar of Nemelex Xobeh.
  5448 | D:6      | Reached skill level 5 in Short Blades
  5538 | D:6      | Reached ** piety under Wu Jian
  5580 | D:6      | Noticed Duvessa
  5580 | D:6      | Noticed Dowan
  5611 | D:6      | Killed Duvessa
  5611 | D:6      | Reached skill level 1 in Armour
  5611 | D:6      | Reached skill level 1 in Shields
  5616 | D:6      | Killed Dowan
  5687 | D:6      | Found Ewiq's Antique Weapon Boutique.
  6742 | D:6      | Reached XP level 9. HP: 56/56 MP: 10/10
  6950 | D:6      | Found a shattered altar of Ashenzari.
  7215 | D:7      | Got a crystal broad axe
  7218 | D:7      | Identified the cursed +1 broad axe "Banisher" {vorpal, rC+
                  | rN+} (You found it on level 7 of the Dungeon)
  7380 | D:6      | Reached skill level 1 in Axes
  8481 | D:7      | Identified a scroll of acquirement
  8679 | D:7      | Found a runed translucent door.
  8680 | D:7      | Noticed Crazy Yiuf
  9297 | D:7      | Reached skill level 5 in Armour
  9517 | D:7      | Killed Crazy Yiuf
  9673 | D:8      | Reached XP level 10. HP: 41/64 MP: 11/11
  9730 | D:8      | Found a snail-covered altar of Cheibriados.
  9748 | D:8      | Found a blossoming altar of Fedhas.
  9748 | D:8      | Found a shimmering altar of Xom.
  9761 | D:8      | Mangled by a polar bear

Illustrated notes

Levels and vault maps discovered:
D:1:      saegor_arrival_simple_b, layout_basic
D:2:      layout_rooms, uniq_jessica
D:3:      layout_loops_ring, nicolae_overflow_crystal_walls,
          gammafunk_ghost_split
D:4:      layout_basic, minmay_temple_entry_grid, serial_shops, shop, shop,
          kennysheep_mini_moat, serial_glass, glass_columns_a, glass_columns_b,
          uniq_robin, uniq_ijyb
D:5:      layout_basic, nemelex_altar_shiori, first_ration, serial_shops,
          shop_statue, uniq_blork_the_orc
D:6:      layout_basic, ashenzari_altar_1, serial_shops, shop, uniq_duvessa
D:7:      layout_layer_cave, uniq_crazy_yiuf_cottage
D:8:      layout_basic, cheibriados_altar_1,
          chequers_temple_overflow_statue_of_worship, serial_ice, serial_ice_l,
          serial_ice_d, serial_ice_g, serial_ice_f
Temple:   eino_wide_crystal_templ

Skill      XL: |  1  2  3  4  5  6  7  8  9 10 |
---------------+-------------------------------+-----
Dodging        | 2 3 4 5 6 7 8 |  8.0
Fighting       | 3 4 5 6 8 |  8.0
Short Blades   | 3 5 |  5.0
Armour         | 3 5 6 |  6.0
Shields        | 2 4 |  4.0
Axes           | 4 |  4.9
Throwing       | |  2.0
Stealth        | |  4.0

Action                   |  1- 3 |  4- 6 |  7- 9 | 10-12 || total
-------------------------+-------+-------+-------+-------++-------
Melee: Dagger            |    61 |    95 |   275 |       ||   431
       Kick              |    12 |    19 |   124 |     9 ||   164
       Peck              |    10 |    12 |    88 |     4 ||   114
       Unarmed           |       |    21 |       |       ||    21
       Broad axe         |       |       |   147 |    21 ||   168
Throw: Dart              |       |       |    22 |       ||    22
Invok: Lunge             |       |     7 |    29 |     1 ||    37
       Whirlwind         |       |       |    17 |     3 ||    20
 Abil: Fly               |       |     1 |       |       ||     1
Evoke: Wand              |       |     3 |     8 |       ||    11
  Use: Scroll            |     6 |     6 |     2 |       ||    14
       Potion            |       |     2 |       |       ||     2
 Stab: Sleeping          |     3 |     6 |     1 |       ||    10
       Distracted        |       |     2 |       |       ||     2
       Paralysed         |       |       |     2 |       ||     2
  Eat: Chunk             |       |     4 |     8 |       ||    12
       Ration            |       |     1 |     5 |       ||     6
Armor: Robe              |    15 |     8 |     1 |       ||    24
       Skin              |       |    39 |       |       ||    39
       Chain mail        |       |       |   148 |     9 ||   157
Dodge: Dodged            |    45 |    75 |   198 |    15 ||   333
Block: Buckler           |       |     9 |    93 |    19 ||   121
       Reflection        |       |       |       |     1 ||     1
